| TOP OF THE 1ST |
|
Minnesota (NYP) Twins batting - Pitching for Tri-City ValleyCats : RHP Bruce Bermudez
|
|
Pitching: RHP Bruce Bermudez
|
|
|
Batting: LHB Chris Munguia
|
0-0: DOUBLE (Line Drive, 7LS, EV 108.1 MPH)
|
|
Batting: RHB David Nardone
|
0-0: Ball 1-0: Ball Wild Pitch! Chris Munguia to third 2-0: Called Strike 2-1: Ball 3-1: Ground out 6-3 (Groundball, 6, EV 85.6 MPH) Chris Munguia scores
|
|
Batting: RHB Miguel Diaz
|
0-0: Ball 1-0: Foul Ball, location: 2F 1-1: Ball 2-1: Called Strike 2-2: Ball 3-2: Foul Ball, location: 2F 3-2: Ground out 5-3 (Groundball, 5, EV 82.5 MPH)
|
|
Batting: RHB Jose Nunez
|
0-0: Foul Ball, location: 2F 0-1: Ball 1-1: Ground out 4-3 (Groundball, 4, EV 86.9 MPH)
|
| Top of the 1st over - 1 run, 1 hit, 0 errors, 0 left on base; Minnesota (NYP) 1 - Tri-City 0 |
| BOTTOM OF THE 1ST |
|
Tri-City ValleyCats batting - Pitching for Minnesota (NYP) Twins : LHP Mike Horton
|
|
Pitching: LHP Mike Horton
|
|
|
Batting: RHB Ben Hoffman
|
0-0: Swinging Strike 0-1: Ball 1-1: Ball 2-1: Ground out 5-3 (Groundball, 56, EV 99.4 MPH)
|
|
Batting: RHB Jorge Gutierrez
|
0-0: Ball 1-0: Foul Ball, location: 2F 1-1: Ball 2-1: Ball 3-1: Swinging Strike 3-2: Foul Ball, location: 2F 3-2: Foul Ball, location: 2F 3-2: Base on Balls
|
|
Batting: RHB Ryan Salas
|
0-0: Called Strike 0-1: Ball 1-1: Ball 2-1: Fly out, F4 (Line Drive, 4, EV 70.6 MPH)
|
|
Batting: RHB Chris Miller
|
0-0: Ball 1-0: Called Strike 1-1: Ball 2-1: Called Strike 2-2: SINGLE (Flyball, 78S, EV 95.6 MPH) Jorge Gutierrez to second
|
|
Batting: RHB Ramon Castellon
|
0-0: Called Strike 0-1: Ball 1-1: Ball 2-1: 3-RUN HOME RUN (Line Drive, 7D, EV 95.6 MPH), Distance : 369 ft
|
|
Batting: RHB Juan Mendoza
|
0-0: Foul Ball, location: 2F 0-1: Ball 1-1: SINGLE (Line Drive, 5D, EV 96.9 MPH)
|
|
Batting: RHB Evan Fry
|
0-0: Ball 1-0: Called Strike 1-1: 2-RUN HOME RUN (Flyball, 7D, EV 96.9 MPH), Distance : 362 ft
|
|
Batting: RHB Mike Koch
|
0-0: Called Strike 0-1: Ball 1-1: Called Strike 1-2: Foul Ball, location: 2F 1-2: Ball 2-2: Strikes out swinging
|
| Bottom of the 1st over - 5 runs, 4 hits, 0 errors, 0 left on base; Minnesota (NYP) 1 - Tri-City 5 |
| TOP OF THE 2ND |
|
Minnesota (NYP) Twins batting - Pitching for Tri-City ValleyCats : RHP Bruce Bermudez
|
|
Batting: RHB Sean Gould
|
0-0: Ball 1-0: Foul Ball, location: 2F 1-1: Ball 2-1: Foul Ball, location: 2F 2-2: Ball 3-2: Base on Balls
|
|
Batting: RHB Graham Calvert
|
0-0: Called Strike Sean Gould steals 2nd base 0-1: Fly out, F8 (Flyball, 89D, EV 100.6 MPH) Runner from 2nd tags up, SAFE at 3rd, no throw by CF
|
|
Batting: RHB Tony Crespo
|
0-0: Ball 1-0: DOUBLE (Flyball, 78XD, EV 101.2 MPH) Sean Gould scores
|
|
Batting: SHB Donell Burney
|
0-0: Foul Ball, location: 2F 0-1: Ball Balk! Tony Crespo to third 1-1: Ground out U3 (Groundball, 34S, EV 83.8 MPH) Tony Crespo scores
|
|
Batting: RHB Ruben Torres
|
0-0: Ball 1-0: Ball 2-0: Called Strike 2-1: SINGLE (Groundball, P, EV 85.0 MPH) (infield hit)
|
|
Batting: LHB Chris Munguia
|
0-0: Foul Ball, location: 2F 0-1: Fly out, F8 (Flyball, 8LD, EV 88.8 MPH)
|
| Top of the 2nd over - 2 runs, 2 hits, 0 errors, 1 left on base; Minnesota (NYP) 3 - Tri-City 5 |
| BOTTOM OF THE 2ND |
|
Tri-City ValleyCats batting - Pitching for Minnesota (NYP) Twins : LHP Mike Horton
|
|
Batting: LHB Josh Birkner
|
0-0: Ball 1-0: Ball 2-0: Foul Ball, location: 2F 2-1: SINGLE (Groundball, 4D, EV 93.8 MPH)
|
|
Batting: RHB Ben Hoffman
|
0-0: Reached on error, E6 (Groundball, 6, EV 84.4 MPH) Josh Birkner to second
|
|
Batting: RHB Jorge Gutierrez
|
0-0: Fly out, F3 (Popup, 3S, EV 73.1 MPH)
|
|
Batting: RHB Ryan Salas
|
0-0: Called Strike 0-1: Foul Ball, location: 2F 0-2: Ball 1-2: Ball 2-2: Strikes out looking
|
|
Batting: RHB Chris Miller
|
0-0: Ball 1-0: Ball 2-0: 3-RUN HOME RUN (Flyball, 7LD, EV 96.2 MPH), Distance : 347 ft
|
|
Pitching: RHP Kevin Colgin
|
|
|
Batting: RHB Ramon Castellon
|
0-0: Ball 1-0: Called Strike 1-1: Ball 2-1: Called Strike 2-2: Fly out, F9 (Flyball, 9, EV 91.9 MPH)
|
| Bottom of the 2nd over - 3 runs, 2 hits, 1 error, 0 left on base; Minnesota (NYP) 3 - Tri-City 8 |
| TOP OF THE 3RD |
|
Minnesota (NYP) Twins batting - Pitching for Tri-City ValleyCats : RHP Bruce Bermudez
|
|
Batting: RHB David Nardone
|
0-0: Fly out, F8 (Flyball, 8LD, EV 95.6 MPH)
|
|
Batting: RHB Miguel Diaz
|
0-0: Ball 1-0: Fly out, F7 (Flyball, 78S, EV 88.1 MPH)
|
|
Batting: RHB Jose Nunez
|
0-0: Ball 1-0: SINGLE (Line Drive, 78S, EV 92.5 MPH)
|
|
Batting: RHB Sean Gould
|
0-0: Ball Jose Nunez steals 2nd, throwing error, E2 Jose Nunez to third 1-0: Called Strike 1-1: Foul Ball, location: 2F 1-2: Foul Ball, location: 2F 1-2: Ball 2-2: SINGLE (Groundball, 56D, EV 98.1 MPH) (infield hit) Jose Nunez scores
|
|
Batting: RHB Graham Calvert
|
Balk! Sean Gould to second 0-0: Called Strike 0-1: Foul Ball, location: 2F 0-2: Foul Ball, location: 2F 0-2: DOUBLE (Line Drive, 9LM, EV 103.1 MPH) Sean Gould scores
|
|
Batting: RHB Tony Crespo
|
0-0: Called Strike 0-1: SINGLE (Line Drive, 8RS, EV 95.0 MPH) Graham Calvert to third
|
|
Batting: SHB Donell Burney
|
0-0: Called Strike Tony Crespo steals 2nd, throwing error, E2 Graham Calvert scores Tony Crespo to third 0-1: Foul Ball, location: 2F 0-2: Ground out U3 (Groundball, 34, EV 85.0 MPH)
|
| Top of the 3rd over - 3 runs, 4 hits, 2 errors, 1 left on base; Minnesota (NYP) 6 - Tri-City 8 |
| BOTTOM OF THE 3RD |
|
Tri-City ValleyCats batting - Pitching for Minnesota (NYP) Twins : RHP Kevin Colgin
|
|
Batting: RHB Juan Mendoza
|
0-0: Called Strike 0-1: SOLO HOME RUN (Flyball, 7D, EV 104.4 MPH), Distance : 385 ft
|
|
Batting: RHB Evan Fry
|
0-0: Ball 1-0: Called Strike 1-1: Ball 2-1: SINGLE (Line Drive, 8RS, EV 102.5 MPH)
|
|
Batting: RHB Mike Koch
|
0-0: Called Strike 0-1: Ball 1-1: Foul Ball, location: 2F 1-2: Ball 2-2: SINGLE (Line Drive, 4MD, EV 104.4 MPH) Evan Fry to second
|
|
Batting: LHB Josh Birkner
|
0-0: Ball 1-0: Foul Ball, location: 2F 1-1: 3-RUN HOME RUN (Flyball, 9LD, EV 94.4 MPH), Distance : 339 ft
|
|
Pitching: RHP Matt Lundy
|
|
|
Batting: RHB Ben Hoffman
|
0-0: Ball 1-0: Foul Ball, location: 2F 1-1: Foul Ball, location: 2F 1-2: Ground out 5-3 (Groundball, 56, EV 106.9 MPH)
|
|
Batting: RHB Jorge Gutierrez
|
0-0: Foul Ball, location: 2F 0-1: Foul Ball, location: 2F 0-2: Ball 1-2: Ball 2-2: DOUBLE (Line Drive, 78D, EV 106.9 MPH)
|
|
Batting: RHB Ryan Salas
|
0-0: Ball 1-0: SINGLE (Groundball, 5D, EV 97.5 MPH) Jorge Gutierrez to third
|
|
Batting: RHB Chris Miller
|
0-0: Ball 1-0: Swinging Strike 1-1: 3-RUN HOME RUN (Flyball, 7D, EV 94.4 MPH), Distance : 362 ft
|
|
Batting: RHB Ramon Castellon
|
0-0: Foul Ball, location: 2F 0-1: Foul Ball, location: 2F 0-2: Ball 1-2: Foul Ball, location: 2F 1-2: Fly out, F3 (Popup, 3SF, EV 73.8 MPH)
|
|
Batting: RHB Juan Mendoza
|
0-0: Called Strike 0-1: Called Strike 0-2: Foul Ball, location: 2F 0-2: Strikes out swinging
|
| Bottom of the 3rd over - 7 runs, 7 hits, 0 errors, 0 left on base; Minnesota (NYP) 6 - Tri-City 15 |
| TOP OF THE 4TH |
|
Minnesota (NYP) Twins batting - Pitching for Tri-City ValleyCats : RHP Bruce Bermudez
|
|
Batting: RHB Ruben Torres
|
0-0: Ball 1-0: Ball 2-0: Ball 3-0: Called Strike 3-1: Foul Ball, location: 2F 3-2: Base on Balls
|
|
Pitching: RHP Ruben Pujols
|
|
|
Batting: LHB Chris Munguia
|
0-0: Ball 1-0: Swinging Strike 1-1: Ball 2-1: Fielders Choice at 2nd, 6-4 (Groundball, 6, EV 87.5 MPH)
|
|
Batting: RHB David Nardone
|
0-0: Ball Chris Munguia steals 2nd base 1-0: Ground out 6-3 (Groundball, 4MS, EV 85.0 MPH) Chris Munguia to third
|
|
Batting: RHB Miguel Diaz
|
0-0: Called Strike 0-1: Ball Balk! Chris Munguia scores 1-1: Ground out 3-1 (Groundball, 34, EV 82.5 MPH)
|
| Top of the 4th over - 1 run, 0 hits, 0 errors, 0 left on base; Minnesota (NYP) 7 - Tri-City 15 |
| BOTTOM OF THE 4TH |
|
Tri-City ValleyCats batting - Pitching for Minnesota (NYP) Twins : RHP Matt Lundy
|
|
Batting: RHB Evan Fry
|
0-0: Ball 1-0: Ground out 6-3 (Groundball, 6S, EV 93.1 MPH)
|
|
Batting: RHB Mike Koch
|
0-0: Ball 1-0: DOUBLE (Line Drive, 78D, EV 106.2 MPH)
|
|
Batting: LHB Josh Birkner
|
0-0: Called Strike 0-1: Ground out 4-3 (Groundball, 4, EV 78.8 MPH) Mike Koch to third
|
|
Batting: RHB Ben Hoffman
|
0-0: Ball 1-0: Ball 2-0: Ball 3-0: Called Strike 3-1: Base on Balls
|
|
Batting: RHB Jorge Gutierrez
|
0-0: Reached on error, E6 (Groundball, 6, EV 77.5 MPH) Mike Koch scores Ben Hoffman to second
|
|
Batting: RHB Ryan Salas
|
0-0: Foul Ball, location: 2F 0-1: Ball 1-1: SINGLE (Line Drive, 6MD, EV 95.0 MPH) Ben Hoffman to third Jorge Gutierrez to second Runner from 3rd tries for Home, SAFE, throw by CF to home
|
|
Pitching: RHP Seung-jun Chang
|
|
|
Batting: RHB Chris Miller
|
0-0: Ground out 4-3 (Groundball, 4, EV 88.8 MPH)
|
| Bottom of the 4th over - 2 runs, 2 hits, 1 error, 2 left on base; Minnesota (NYP) 7 - Tri-City 17 |
| TOP OF THE 5TH |
|
Minnesota (NYP) Twins batting - Pitching for Tri-City ValleyCats : RHP Ruben Pujols
|
|
Now in CF: Justin Olmstead
|
|
|
Batting: RHB Jose Nunez
|
0-0: Ball 1-0: Ground out 5-3 (Groundball, 56, EV 101.9 MPH)
|
|
Batting: RHB Sean Gould
|
0-0: Ball 1-0: Fly out, F3 (Line Drive, 3, EV 63.8 MPH)
|
|
Batting: RHB Graham Calvert
|
0-0: SINGLE (Flyball, 7S, EV 88.8 MPH)
|
|
Batting: RHB Tony Crespo
|
0-0: Ball 1-0: Foul Ball, location: 2F 1-1: Ball 2-1: Ball 3-1: Foul Ball, location: 2F 3-2: Foul Ball, location: 2F 3-2: Ground out 6-3 (Groundball, 6, EV 80.0 MPH)
|
| Top of the 5th over - 0 runs, 1 hit, 0 errors, 1 left on base; Minnesota (NYP) 7 - Tri-City 17 |
| BOTTOM OF THE 5TH |
|
Tri-City ValleyCats batting - Pitching for Minnesota (NYP) Twins : RHP Seung-jun Chang
|
|
Batting: RHB Ramon Castellon
|
0-0: Called Strike 0-1: Ball 1-1: Ball 2-1: Fly out, F8 (Flyball, 78D, EV 103.8 MPH)
|
|
Batting: RHB Juan Mendoza
|
0-0: Ball 1-0: Fly out, F9 (Flyball, 9D, EV 90.0 MPH)
|
|
Batting: RHB Evan Fry
|
0-0: Ground out 6-3 (Groundball, 6, EV 99.4 MPH)
|
| Bottom of the 5th over - 0 runs, 0 hits, 0 errors, 0 left on base; Minnesota (NYP) 7 - Tri-City 17 |
| TOP OF THE 6TH |
|
Minnesota (NYP) Twins batting - Pitching for Tri-City ValleyCats : RHP Ruben Pujols
|
|
Batting: SHB Donell Burney
|
0-0: Ball 1-0: Swinging Strike 1-1: Foul Ball, location: 2F 1-2: SINGLE (Line Drive, 78M, EV 98.8 MPH)
|
|
Batting: RHB Ruben Torres
|
0-0: Called Strike 0-1: Ball 1-1: Foul Ball, location: 2F 1-2: Ball 2-2: Foul Ball, location: 2F 2-2: Foul Ball, location: 2F 2-2: Ball 3-2: Base on Balls Donell Burney to second
|
|
Batting: LHB Chris Munguia
|
0-0: Fly out, F8 (Flyball, 8RD, EV 76.2 MPH)
|
|
Batting: RHB David Nardone
|
0-0: Ball 1-0: Ball 2-0: Ball 3-0: Called Strike 3-1: SINGLE (Groundball, 56D, EV 101.9 MPH) (infield hit) Donell Burney to third Ruben Torres to second
|
|
Batting: RHB Miguel Diaz
|
0-0: Ball 1-0: SINGLE (Line Drive, 6D, EV 96.2 MPH) Donell Burney scores Ruben Torres to third David Nardone to second
|
|
Batting: RHB Jose Nunez
|
0-0: Called Strike 0-1: Ball 1-1: Ball 2-1: Swinging Strike Balk! Ruben Torres scores David Nardone to third Miguel Diaz to second 2-2: Ball 3-2: Strikes out swinging
|
|
Batting: RHB Sean Gould
|
0-0: Called Strike 0-1: Ball 1-1: 3-RUN HOME RUN (Flyball, 7D, EV 96.2 MPH), Distance : 365 ft
|
|
Batting: RHB Graham Calvert
|
0-0: Ball 1-0: Ball 2-0: SINGLE (Groundball, 56D, EV 109.4 MPH)
|
|
Batting: RHB Tony Crespo
|
0-0: Ball 1-0: Ball 2-0: DOUBLE (Line Drive, 7LS, EV 96.2 MPH) Graham Calvert to third
|
|
Batting: SHB Donell Burney
|
0-0: Ball 1-0: Foul Ball, location: 2F 1-1: SINGLE (Line Drive, 8LS, EV 100.6 MPH) Graham Calvert scores Tony Crespo to third Runner from 3rd tries for Home, throw by CF and OUT! 8-2
|
| Top of the 6th over - 6 runs, 7 hits, 0 errors, 1 left on base; Minnesota (NYP) 13 - Tri-City 17 |
| BOTTOM OF THE 6TH |
|
Tri-City ValleyCats batting - Pitching for Minnesota (NYP) Twins : RHP Seung-jun Chang
|
|
Batting: RHB Mike Koch
|
0-0: Ball 1-0: Ball 2-0: Ball 3-0: Called Strike 3-1: Called Strike 3-2: Foul Ball, location: 2F 3-2: Base on Balls
|
|
Batting: LHB Josh Birkner
|
0-0: Called Strike 0-1: Ball 1-1: Hit by Pitch Mike Koch to second
|
|
Batting: RHB Justin Olmstead
|
0-0: Called Strike 0-1: Ball 1-1: DOUBLE (Line Drive, 8RXD, EV 101.9 MPH) Mike Koch scores Josh Birkner to third
|
|
Batting: RHB Jorge Gutierrez
|
0-0: Called Strike 0-1: Ground out 1-5-3 (Groundball, 15S, EV 100.0 MPH) Josh Birkner scores Justin Olmstead to third
|
|
Batting: RHB Ryan Salas
|
0-0: Foul Ball, location: 2F 0-1: SINGLE (Line Drive, 56D, EV 96.9 MPH) Justin Olmstead scores
|
|
Batting: RHB Chris Miller
|
0-0: Ball 1-0: Called Strike 1-1: Ball 2-1: Swinging Strike 2-2: Ball Passed Ball! Ryan Salas to second 3-2: Base on Balls
|
|
Batting: RHB Ramon Castellon
|
0-0: Ball 1-0: Ball 2-0: Ball 3-0: Base on Balls Ryan Salas to third Chris Miller to second
|
|
Batting: RHB Juan Mendoza
|
0-0: Ball 1-0: Foul Ball, location: 2F 1-1: Fielders Choice at 2nd, 6-4 (Groundball, 6, EV 85.6 MPH) Ryan Salas scores Chris Miller to third
|
|
Batting: RHB Evan Fry
|
0-0: Fly out, F7 (Flyball, 7S, EV 84.4 MPH)
|
| Bottom of the 6th over - 4 runs, 2 hits, 0 errors, 2 left on base; Minnesota (NYP) 13 - Tri-City 21 |
| TOP OF THE 7TH |
|
Minnesota (NYP) Twins batting - Pitching for Tri-City ValleyCats : RHP Ruben Pujols
|
|
Batting: RHB Ruben Torres
|
0-0: Ground out 6-3 (Groundball, 6, EV 82.5 MPH)
|
|
Batting: LHB Chris Munguia
|
0-0: DOUBLE (Flyball, 8RD, EV 93.8 MPH)
|
|
Pitching: RHP San-pao Kao
|
|
|
Pinch Hitting: RHB Gustavo Pacheco
|
0-0: Swinging Strike 0-1: Foul Ball, location: 2F 0-2: Ball 1-2: Ball 2-2: Ball 3-2: Base on Balls
|
|
Batting: RHB Miguel Diaz
|
Balk! Chris Munguia to third Gustavo Pacheco to second 0-0: Ball 1-0: SINGLE (Line Drive, 9S, EV 90.6 MPH) Chris Munguia scores Gustavo Pacheco to third Runner from 3rd tries for Home, SAFE, throw by RF to home
|
|
Batting: RHB Jose Nunez
|
0-0: Ball 1-0: Called Strike 1-1: Fly out, F7 (Flyball, 78M, EV 95.6 MPH)
|
|
Batting: RHB Sean Gould
|
0-0: Called Strike 0-1: Ground out 4-3 (Groundball, 4S, EV 76.2 MPH)
|
| Top of the 7th over - 2 runs, 2 hits, 0 errors, 1 left on base; Minnesota (NYP) 15 - Tri-City 21 |
| BOTTOM OF THE 7TH |
|
Tri-City ValleyCats batting - Pitching for Minnesota (NYP) Twins : RHP Seung-jun Chang
|
|
Now in LF: Tony Crespo
|
|
|
Now in CF: Gustavo Pacheco
|
|
|
Batting: RHB Mike Koch
|
0-0: Ball 1-0: Swinging Strike 1-1: Called Strike 1-2: Foul Ball, location: 2F 1-2: Fly out, F4 (Popup, 4M, EV 59.4 MPH)
|
|
Batting: LHB Josh Birkner
|
0-0: Called Strike 0-1: Ball 1-1: Ball 2-1: Ball 3-1: Called Strike 3-2: Fly out, F9 (Flyball, 9S, EV 83.8 MPH)
|
|
Batting: RHB Justin Olmstead
|
0-0: TRIPLE (Flyball, 78XD, EV 105.6 MPH)
|
|
Batting: RHB Jorge Gutierrez
|
0-0: Called Strike 0-1: Swinging Strike 0-2: Ball 1-2: Ball 2-2: Foul Ball, location: 2F 2-2: Ball 3-2: Foul Ball, location: 2F 3-2: SINGLE (Groundball, 13S, EV 69.4 MPH) (infield hit) Justin Olmstead scores
|
|
Batting: RHB Ryan Salas
|
0-0: Ball Passed Ball! Jorge Gutierrez to second 1-0: Ball 2-0: Foul Ball, location: 2F 2-1: Ball 3-1: Base on Balls
|
|
Pitching: RHP Chris Starcher
|
|
|
Batting: RHB Chris Miller
|
0-0: Swinging Strike 0-1: Foul Ball, location: 2F 0-2: Fly out, F3 (Flyball, 3D, EV 86.9 MPH)
|
| Bottom of the 7th over - 1 run, 2 hits, 0 errors, 2 left on base; Minnesota (NYP) 15 - Tri-City 22 |
| TOP OF THE 8TH |
|
Minnesota (NYP) Twins batting - Pitching for Tri-City ValleyCats : RHP San-pao Kao
|
|
Batting: RHB Graham Calvert
|
0-0: Ball 1-0: Ball 2-0: Called Strike 2-1: Ball 3-1: Swinging Strike 3-2: Fly out, F5 (Flyball, 5D, EV 90.6 MPH)
|
|
Batting: RHB Tony Crespo
|
0-0: Ground out U3 (Groundball, 34S, EV 61.2 MPH)
|
|
Batting: SHB Donell Burney
|
0-0: Foul Ball, location: 2F 0-1: Ball 1-1: Ball 2-1: Ball 3-1: Base on Balls
|
|
Batting: RHB Ruben Torres
|
0-0: Called Strike Balk! Donell Burney to second 0-1: Fly out, F8 (Flyball, 89D, EV 103.8 MPH)
|
| Top of the 8th over - 0 runs, 0 hits, 0 errors, 1 left on base; Minnesota (NYP) 15 - Tri-City 22 |
| BOTTOM OF THE 8TH |
|
Tri-City ValleyCats batting - Pitching for Minnesota (NYP) Twins : RHP Chris Starcher
|
|
Batting: RHB Ramon Castellon
|
0-0: Ball 1-0: Ball 2-0: Called Strike 2-1: Ball 3-1: Fly out, F8 (Line Drive, 8LM, EV 91.9 MPH)
|
|
Batting: RHB Juan Mendoza
|
0-0: Foul Ball, location: 2F 0-1: Swinging Strike 0-2: Ball 1-2: Ball 2-2: Strikes out looking
|
|
Batting: RHB Evan Fry
|
0-0: Ground out 6-3 (Groundball, 6M, EV 86.9 MPH)
|
| Bottom of the 8th over - 0 runs, 0 hits, 0 errors, 0 left on base; Minnesota (NYP) 15 - Tri-City 22 |
| TOP OF THE 9TH |
|
Minnesota (NYP) Twins batting - Pitching for Tri-City ValleyCats : RHP San-pao Kao
|
|
Batting: LHB Chris Munguia
|
0-0: Ball 1-0: Called Strike 1-1: SINGLE (Flyball, 4D, EV 89.4 MPH)
|
|
Batting: RHB Gustavo Pacheco
|
0-0: Foul Ball, location: 2F 0-1: SINGLE (Line Drive, 9LS, EV 99.4 MPH) Chris Munguia to second
|
|
Batting: RHB Miguel Diaz
|
0-0: Swinging Strike 0-1: Ball 1-1: Ball 2-1: Grounds into double play, 4-6-3 (Groundball, 4, EV 89.4 MPH) Chris Munguia to third
|
|
Batting: RHB Jose Nunez
|
0-0: Ball 1-0: Ball 2-0: Ball 3-0: Base on Balls
|
|
Batting: RHB Sean Gould
|
0-0: Called Strike 0-1: Ball 1-1: Ball Wild Pitch! Chris Munguia scores Jose Nunez to second 2-1: Foul Ball, location: 2F 2-2: Foul Ball, location: 2F 2-2: Ball 3-2: Foul Ball, location: 2F 3-2: Ground out 4-3 (Groundball, 4, EV 83.1 MPH)
|
| Top of the 9th over - 1 run, 2 hits, 0 errors, 1 left on base; Minnesota (NYP) 16 - Tri-City 22 |
|